Map: Frozen Temple

Players

Lapack - Winner!

  • Race: Protoss Protoss

Bear

  • Race: Terran Terran
  • League: Diamond

VOD

Have the link to the VOD?

Description

Time

  • Played on: Aug. 15, 2016, 8:18 a.m.
  • Length: 6:39
Show
View Real Time Build Order
Export as new Build Order

Lapack Protoss - Winner!

Build Orders: Mass Adepts 

Get SALT Encoding   

  12  0:01  Probe (Chrono Boost)  
  13  0:11  Probe (Chrono Boost)  
  14  0:19  Pylon  
  14  0:22  Probe (Chrono Boost)  
  15  0:37  Probe (Chrono Boost)  
  15  0:38  Gateway  
  16  0:45  Assimilator  
  16  0:48  Probe (Chrono Boost)  
  17  0:53  Assimilator  
  17  0:58  Probe (Chrono Boost)  
  18  1:09  Probe (Chrono Boost)  
  19  1:13  Gateway  
  19  1:19  Probe (Chrono Boost)  
  20  1:27  Cybernetics Core  
  20  1:30  Probe (Chrono Boost)  
  21  1:34  Pylon  
  21  1:40  Probe (Chrono Boost)  
  22  2:00  Warp Gate  
  22  2:03  Adept x2  
  22  2:07  Mothership Core (Chrono Boost)  
  28  2:12  Pylon  
  28  2:23  Robotics Facility  
  28  2:33  Adept x2  
  32  2:52  Gateway  
  32  3:05  Adept x2  
  36  3:06  Warp Prism  
  38  3:13  Pylon  
  38  3:23  Gateway  
  38  3:30  Pylon  
  38  3:42  Observer  
  39  4:00  Pylon  
  39  4:03  Adept x3  
  45  4:37  Adept x4  
  51  4:42  Warp Prism  
  49  5:19  Observer  
  50  5:22  Nexus  
  50  5:31  Probe (Chrono Boost)  
  51  5:43  Twilight Council  
  51  5:45  Pylon  
  51  5:47  Pylon, Stalker  
  54  6:04  Probe (Chrono Boost)  
  54  6:10  Adept x3  
  56  6:31  Adept  
  56  6:32  Adept x2  
Show
View Real Time Build Order
Export as new Build Order

Bear Terran 

Build Orders: Liberator Opening 

Get SALT Encoding   

  12  0:02  SCV  
  13  0:14  SCV  
  13  0:18  Supply Depot  
  14  0:26  SCV  
  15  0:40  SCV  
  15  0:42  Barracks  
  16  0:47  Refinery  
  16  0:52  SCV  
  17  1:04  SCV  
  18  1:17  SCV  
  19  1:32  Orbital Command  
  19  1:40  Barracks Reactor  
  19  1:47  Command Center  
  19  2:04  Bunker  
  19  2:08  Supply Depot  
  19  2:15  SCV  
  20  2:18  Marine  
  20  2:19  Refinery  
  20  2:21  Marine  
  22  2:27  SCV  
  22  2:39  Marine, SCV  
  22  2:40  Factory  
  24  2:52  SCV  
  25  2:59  Marine x2  
  25  3:02  Supply Depot  
  25  3:05  Orbital Command  
  27  3:16  SCV  
  28  3:26  Supply Depot  
  28  3:29  Starport, SCV  
  29  3:39  Marine x2  
  30  3:42  Widow Mine  
  30  3:44  SCV  
  33  3:54  Liberator  
  33  3:56  Engineering Bay  
  33  3:58  Marine x2  
  33  4:01  SCV  
  36  4:05  SCV  
  37  4:16  Marine  
  41  4:19  Widow Mine  
  37  4:44  Marine x2  
  30  4:48  Widow Mine  
  14  5:01  Marine  
  13  5:10  Marine  
  12  5:19  Marine  
  15  5:23  Orbital Command  
  15  5:24  SCV  
  13  5:42  SCV  
  14  5:46  Refinery  
  14  5:47  Marine x2  
  17  5:57  Medivac, SCV  
  17  6:00  SCV  
  19  6:14  SCV x2  
  21  6:26  SCV x2  
Tags
 
Add a new tag
Caveats
  • Supply blocks, unpowered buildings, or Contaminate may cause inaccurate times.
  • Supply counts are checked every 10 seconds.